 Dungeon Crawl Stone Soup version 0.30.1-11-g7821555f0a (webtiles) character file.

Game seed: 7074084174897924601

16683 Kagerus the Spear-Bearer (level 12, -15/98 HPs)
             Began as a Merfolk Gladiator on Oct 29, 2023.
             Was a High Priest of Makhleb.
             Demolished by Rupert
             ... wielding a +6 great mace of holy wrath
              (29 damage)
             ... on level 12 of the Dungeon.
             The game lasted 00:55:56 (15906 turns).

Kagerus the Spear-Bearer (Merfolk Gladiator)       Turns: 15906, Time: 00:55:57

Health: -15/98     AC: 27    Str: 18    XL:     12   Next: 40%
Magic:  0/14       EV:  5    Int:  7    God:    Makhleb [*****.]
Gold:   188        SH: 16    Dex: 17    Spells: 11/11 levels left

rFire   + + .        y - +3 trident (elec)
rCold   . . .        I - +0 tower shield
rNeg    . . .        g - +9 plate armour of Amorous Amelioration {rF+ Slay+2}
rPois   .            c - +1 helmet
rElec   .            j - +0 cloak
rCorr   .            (no gloves)
SInv    .            m - +0 pair of boots
Will    .....        z - amulet of guardian spirit Stlth
                     J - ring of protection from fire
HPRegen 0.36/turn    (no ring)
MPRegen 0.14/turn

%: guardian spirit
@: invisible
A: (nimble swimmer 2), mertail
a: Renounce Religion, Minor Destruction, Lesser Servant of Makhleb, Major
Destruction, Greater Servant of Makhleb


You were on level 12 of the Dungeon.
You worshipped Makhleb.
Makhleb was extremely pleased with you.
You visited 1 branch of the dungeon, and saw 12 of its levels.
You also visited: Sewer and Ossuary.

You collected 600 gold pieces.
You spent 412 gold pieces at shops.

Inventory:

Hand Weapons
 y - a +3 trident of electrocution (weapon)
Missiles
 e - 3 javelins
 k - 20 boomerangs
 s - 7 curare-tipped darts (quivered)
 v - 31 poisoned darts
Armour
 c - a +1 helmet (worn)
 f - an orb of wrath
 g - the +9 plate armour of Amorous Amelioration (worn) {rF+ Slay+2}
   (You acquired it in a sewer)

   Slay:      It affects your accuracy & damage with ranged weapons and melee
   (+2).
   rF:        It protects you from fire.
 j - a +0 cloak (worn)
 m - a +0 pair of boots (worn)
 I - a +0 tower shield (worn)
Jewellery
 z - an amulet of guardian spirit (around neck)
 H - an amulet of faith
 J - a ring of protection from fire (left hand)
 L - a ring of flight
Wands
 l - a wand of mindburst (1)
 t - a wand of flame (13)
 x - a wand of iceblast (11)
 K - a wand of charming (2)
Scrolls
 b - 2 scrolls of enchant armour
 h - 8 scrolls of teleportation
 n - 2 scrolls of immolation
 p - 2 scrolls of fear
 w - 3 scrolls of fog
 A - a scroll of magic mapping
 B - a scroll of identify
 C - a scroll of amnesia
 F - a scroll of enchant weapon
 G - a scroll of silence
Potions
 d - 3 potions of flight
 i - a potion of ambrosia
 o - a potion of might
 q - 2 potions of lignification
 r - a potion of cancellation
 D - 2 potions of resistance
 E - 4 potions of curing
Miscellaneous
 u - a phial of floods


   Skills:
 + Level 10.5 Fighting
 * Level 14.6 Polearms
 - Level 4.0 Throwing
 * Level 7.2 Armour
 - Level 6.8 Dodging
 - Level 8.0 Shields
 - Level 3.1 Invocations


You had 11 spell levels left.
You didn't know any spells.
Your spell library contained the following spells:

 Spells                   Type           Power      Damage    Failure   Level
 Apportation              Tloc           0%         N/A       100%        1
 Necrotise                Necr           0%         1d4       100%        1
 Summon Small Mammal      Summ           0%         N/A       100%        1
 Blink                    Tloc           0%         N/A       100%        2
 Lesser Beckoning         Tloc           0%         N/A       100%        2
 Momentum Strike          Conj/Tloc      0%         3d8       100%        2
 Sublimation of Blood     Necr           0%         N/A       100%        2
 Inner Flame              Hex/Fire       0%         N/A       100%        3
 Ozocubu's Armour         Ice            0%         N/A       100%        3
 Flame Wave               Conj/Fire      0%         2d4       100%        4
 Manifold Assault         Tloc           0%         N/A       100%        4
 Petrify                  Tmut/Erth      0%         N/A       100%        4
 Sticky Flame             Conj/Fire      0%         2d3       100%        4
 Irradiate                Conj/Tmut      0%         3d11      100%        5
 Dispersal                Tloc           0%         N/A       100%        6
 Ozocubu's Refrigeration  Ice            0%         4d7       100%        7
 Disjunction              Tloc           0%         N/A       100%        8


Dungeon Overview and Level Annotations

Branches:
Dungeon (12/15)            Temple (0/1) D:6            Lair (0/5) D:8
    Orc (0/2) D:10          Sewer (visited)         Ossuary (visited)

Altars:
Ashenzari
Elyvilon
Fedhas
Kikubaaqudgha
Makhleb
Trog
Vehumet
Wu Jian
Xom
Zin
The Shining One

Shops:
D:1 =[(   D:9 *?*!

Annotations:
D:3 3 runed translucent doors, cermafil's ghost, amateur GrEE
D:12 3 runed translucent doors, Rupert; waddelsworth's ghost, journeyman MiBe


Innate Abilities, Weirdness & Mutations

((You are very nimble when in or above water. (Stealth+, EV+, Speed+++)))
Your lower body shifts to a powerful aquatic tail in water.


Message History

You block the skeletal warrior's attack.
There is an open door here.
Rupert attacks as you move away!
Rupert hits you with a +6 great mace of holy wrath.
A demon appears!
Rupert hits you with a +6 great mace of holy wrath! x2
Rupert rages.
You swap places.
Rupert hits your smoke demon with a +6 great mace of holy wrath!!!
Your smoke demon dies!
Your smoke demon disappears in a puff of smoke!
A demon appears!
Rupert hits you with a +6 great mace of holy wrath!
Rupert hits you with a +6 great mace of holy wrath.
There is a stone staircase leading up, spattered with blood here.
Your neqoxec misses Rupert.
Okay, then.
You fade into invisibility!
You block Rupert's attack.
Your neqoxec misses Rupert.
The skeletal warrior hits your neqoxec with a +0 flail!
You block Rupert's attack.
Your neqoxec hits Rupert.
Rupert hits you with a +6 great mace of holy wrath!
The skeletal warrior closely misses your neqoxec.
Rupert rages.
You block Rupert's attack.
Rupert rages.
Rupert hits you with a +6 great mace of holy wrath!
* * * LOW HITPOINT WARNING * * *
Something closely misses your neqoxec.
Rupert hits you with a +6 great mace of holy wrath!!
* * * LOW HITPOINT WARNING * * *
You can't see any enemies this would affect, really read the scroll of fear? [Y]es or [N]o only, please.
You can't see any enemies this would affect, really read the scroll of fear?
Okay, then.
Okay, then.
You feel better.
Rupert hits you with a +6 great mace of holy wrath!!
You die...

... #.# ####.........# ... # ###
#.# #.........# .. .#.#.#####.#
###'####### .. !...Z#..##.#
#..#### .# #?..Z+.....## ##....#
.# .!ZWZ+...#..# ####.## .#
#[.ZZ+..###.## #..# z###....Z#..#
#..# #####.### ...#.#.#.#### ##@#
#........ ...######## #@#
#........
.....'....######3########........
.....####<...z...................
.....# ########.########........
.....# #.# #........ .....# #.#
######### #+#### #.# #.#


You could see Rupert (berserk, unable to see you) and a friendly neqoxec
(summoned).

Vanquished Creatures
  2 two-headed ogres
  A skeletal warrior (D:12)
  Pikel (D:4)
  A deep elf pyromancer (D:11)
  A gargoyle (D:11)
  An orange demon (D:10)
  An unseen horror (D:11)
  Psyche (D:8)
  2 kobold demonologists
  5 trolls
  Grinder (D:4)
  Prince Ribbit (D:6)
  Sigmund (D:2)
  3 shadows (D:9)
  A vampire (D:10)
  4 wraiths
  A wyvern (D:7)
  14 yaks
  Eustachio (D:5)
  Grum (D:8)
  A steam dragon (D:8)
  Menkaure (D:4)
  4 vampire mosquitoes
  A two-headed ogre zombie (D:10)
  Duvessa (D:5)
  An acid dragon (D:11)
  A water moccasin (D:5)
  5 orc warriors
  A black bear (D:7)
  An ice beast (D:6)
  2 ogres
  7 wolves (D:8)
  A centaur (D:6)
  A phantom (D:10)
  8 kobold brigands
  5 bullfrogs
  2 scorpions
  3 wights (Ossuary)
  Dowan (D:5)
  2 troll zombies (D:10)
  11 killer bees
  4 howler monkeys
  5 electric eels (D:8)
  A gnoll bouda (D:9)
  7 hounds
  10 orc priests
  A sleepcap (D:8)
  2 jellies
  Terence (D:2)
  Jessica (D:3)
  Natasha (thrice) (D:2)
  4 iguanas
  12 orc wizards
  5 ogre zombies (D:10)
  8 gnolls
  11 adders
  A river rat (Sewer)
  3 white imps
  An ufetubus (D:4)
  6 worms
  2 dart slugs (D:2)
  56 orcs
  10 endoplasms
  3 giant cockroaches
  4 goblins
  5 hobgoblins
  2 jackals (D:2)
  35 kobolds
  2 quokkas
  14 ball pythons
  2 ball python skeletons (Ossuary)
  3 bats
  2 goblin skeletons (D:10)
  2 goblin zombies (D:10)
  4 hobgoblin skeletons
  2 hobgoblin zombies (D:10)
  2 kobold zombies (Ossuary)
  4 orc skeletons
  15 orc zombies
  13 rats
372 creatures vanquished.

Vanquished Creatures (collateral kills)
  Amaemon (D:10)
  2 vampire mosquitoes (D:10)
  An orc priest (D:10)
  A goblin zombie (D:10)
5 creatures vanquished.

Vanquished Creatures (others)
  A wolf (D:8)
  2 orcs (D:8)
3 creatures vanquished.

Grand Total: 380 creatures vanquished

Notes
Turn   | Place    | Note
-------+----------+-------------------------------------------
     0 | D:1      | Kagerus the Merfolk Gladiator began the quest for the Orb.
     0 | D:1      | Reached XP level 1. HP: 16/16 MP: 1/1
    60 | D:1      | Reached XP level 2. HP: 21/22 MP: 2/2
   137 | D:1      | Found Axtah's Armour Boutique.
   147 | D:1      | Found a faded altar of an unknown god.
   160 | D:1      | Reached skill level 5 in Polearms
   366 | D:1      | Found Oripturph's Antique Weapon Shop.
   376 | D:1      | Reached XP level 3. HP: 27/27 MP: 3/3
   613 | D:1      | Found Pack's Jewellery Emporium.
   846 | D:2      | Reached skill level 6 in Polearms
   906 | D:2      | Reached XP level 4. HP: 33/33 MP: 4/4
   987 | D:2      | Learned a level 2 spell: Blink
  1351 | D:2      | Noticed Natasha
  1363 | D:2      | Killed Natasha
  1364 | D:2      | Reached skill level 7 in Polearms
  1700 | D:2      | Noticed Terence
  1734 | D:2      | Killed Terence
  1735 | D:2      | Reached XP level 5. HP: 9/38 MP: 5/5
  1914 | D:1      | Bought a +0 kite shield for 49 gold pieces
  2099 | D:2      | Found a burning altar of Makhleb.
  2099 | D:2      | Noticed Sigmund
  2120 | D:2      | Killed Sigmund
  2121 | D:2      | Reached skill level 8 in Polearms
  2121 | D:2      | Reached XP level 6. HP: 26/47 MP: 6/6
  2501 | D:2      | Noticed Natasha
  2514 | D:2      | Killed Natasha
  3026 | D:3      | Found a runed translucent gate.
  3026 | D:3      | Found a runed translucent gate.
  3026 | D:3      | Found a runed translucent gate.
  3032 | D:3      | Noticed cermafil's ghost (amateur GrEE)
  3042 | D:3      | Identified the +3 mace "Boeps" {flame, rPois Will+ Int-5
                  | Stlth+}
  3198 | D:3      | Reached skill level 1 in Shields
  3198 | D:3      | Reached XP level 7. HP: 15/54 MP: 7/7
  3428 | D:3      | Noticed Jessica
  3434 | D:3      | Killed Jessica
  3483 | D:3      | You fall into a shaft and drop 2 floors!
  3483 | D:5      | Entered Level 5 of the Dungeon
  3568 | D:4      | Found a glowing drain.
  3594 | Sewer    | Entered a sewer
  3896 | Sewer    | Reached skill level 5 in Fighting
  3896 | Sewer    | Reached XP level 8. HP: 46/62 MP: 8/8
  4046 | Sewer    | Reached skill level 5 in Dodging
  4386 | Sewer    | Identified a scroll of acquirement
  4386 | Sewer    | Acquired the +9 plate armour of Amorous Amelioration {rF+
                  | Slay+2}
  4461 | D:4      | Found a white marble altar of Elyvilon.
  4639 | D:4      | Reached skill level 1 in Armour
  4733 | D:4      | Noticed Pikel
  4762 | D:4      | Killed Pikel
  4763 | D:4      | Reached XP level 9. HP: 59/69 MP: 7/9
  4921 | D:2      | Became a worshipper of Makhleb the Destroyer
  4949 | D:2      | Noticed Natasha
  4961 | D:2      | Killed Natasha
  5281 | D:4      | Noticed Menkaure
  5281 | D:4      | Noticed Grinder
  5960 | D:4      | Killed Menkaure
  6133 | D:4      | Paralysed by Grinder for 2 turns
  6145 | D:4      | Paralysed by Grinder for 5 turns
  6150 | D:4      | Killed Grinder
  6460 | D:5      | Noticed Eustachio
  6471 | D:5      | Killed Eustachio
  6557 | D:5      | Noticed Duvessa
  6591 | D:5      | Killed Duvessa
  6592 | D:5      | Reached skill level 5 in Armour
  6744 | D:5      | Noticed Dowan
  6756 | D:5      | Killed Dowan
  7115 | D:1      | Bought a glowing trident for 195 gold pieces
  7330 | D:5      | Found a glowing silver altar of Zin.
  7330 | D:5      | Found a burning altar of Makhleb.
  7331 | D:5      | Noticed a cacodemon
  7331 | D:5      | Noticed an angel
  7647 | D:6      | Found a radiant altar of Vehumet.
  7662 | D:6      | Found a broken altar of Ashenzari.
  7718 | D:6      | Reached skill level 9 in Polearms
  7764 | D:6      | Reached * piety under Makhleb
  7900 | D:6      | Found a staircase to the Ecumenical Temple.
  8529 | D:6      | Noticed Prince Ribbit
  8535 | D:6      | Killed Prince Ribbit
  8536 | D:6      | Reached XP level 10. HP: 79/79 MP: 10/10
  8900 | D:7      | Found an ancient bone altar of Kikubaaqudgha.
  9207 | D:7      | Found a blossoming altar of Fedhas.
 10072 | D:8      | Noticed Grum
 10127 | D:8      | Reached skill level 10 in Polearms
 10177 | D:8      | Noticed Psyche
 10261 | D:8      | Found a bloodstained altar of Trog.
 10302 | D:8      | HP: 2/80 [wolf[Grum] (4)]
 10340 | D:8      | Found a sand-covered staircase.
 10344 | Ossuary  | Entered an ossuary
 10749 | Ossuary  | Reached ** piety under Makhleb
 10952 | D:8      | Killed Grum
 10953 | D:8      | Reached skill level 11 in Polearms
 11510 | D:8      | Found a staircase to the Lair.
 11937 | D:8      | Killed Psyche
 11979 | D:8      | Reached skill level 5 in Shields
 11979 | D:8      | Reached XP level 11. HP: 87/87 MP: 11/11
 11989 | D:8      | Reached skill level 12 in Polearms
 12136 | D:8      | Reached *** piety under Makhleb
 12190 | D:9      | Found Xurph's General Store.
 12261 | D:9      | Noticed a two-headed ogre
 12400 | D:8      | Reached skill level 1 in Invocations
 12472 | D:9      | Found Ilotsil's Distillery.
 12481 | D:9      | Bought a potion of invisibility for 120 gold pieces
 12519 | D:9      | Found an ornate altar of the Wu Jian Council.
 12602 | D:9      | Found a shimmering altar of Xom.
 12625 | D:9      | Killed a two-headed ogre
 12749 | D:9      | Found Jogi Jid's Magic Scroll Shoppe.
 12754 | D:9      | Bought a scroll of identify for 24 gold pieces
 12763 | D:9      | Bought a scroll of identify for 24 gold pieces
 12882 | D:9      | Found Cucs's General Store.
 13070 | D:10     | Entered Level 10 of the Dungeon
 13249 | D:10     | Noticed Amaemon
 13416 | D:9      | Reached **** piety under Makhleb
 13816 | D:10     | Killed Amaemon
 14110 | D:10     | Found a staircase to the Orcish Mines.
 14234 | D:10     | Found a glowing golden altar of the Shining One.
 14300 | D:10     | Reached ***** piety under Makhleb
 14499 | D:11     | Reached skill level 10 in Fighting
 14499 | D:11     | Reached skill level 13 in Polearms
 14691 | D:11     | Noticed a deep elf pyromancer
 14713 | D:11     | Killed a deep elf pyromancer
 14714 | D:11     | Reached XP level 12. HP: 96/97 MP: 14/14
 15127 | D:11     | Reached skill level 14 in Polearms
 15577 | D:12     | Noticed a two-headed ogre
 15585 | D:12     | Killed a two-headed ogre
 15660 | D:12     | Found a runed translucent gate.
 15662 | D:12     | Found a runed translucent gate.
 15662 | D:12     | Found a runed translucent gate.
 15665 | D:12     | Noticed waddelsworth's ghost (journeyman MiBe)
 15882 | D:12     | Noticed Rupert
 15905 | D:12     | HP: 3/98 [Rupert/+6 great mace of holy wrath (19)]
 15906 | D:12     | Demolished by Rupert

Illustrated notes

Levels and vault maps discovered:
D:1:      dpeg_arrival_windows_large_door, layout_loops_ring,
          nicolae_ecumenical_snake_handling, serial_shops, shop, shop,
          nicolae_square_shop
D:2:      layout_basic, basic_altar, uniq_terence, uniq_sigmund, uniq_natasha
D:3:      layout_rooms, biasface_ghost_orc_armoury, minmay_tree_intersection,
          serial_park_tiny_pond, chequers_serial_rivers_micro_a,
          hangedman_abyss_or_decor_lesser_grid, uniq_jessica
D:4:      layout_basic, nicolae_elyvilon_temple_path,
          cheibrodos_sewer_entry_bend, hangedman_abyss_or_decor_stabs,
          uniq_menkaure, uniq_grinder, uniq_pikel
D:5:      layout_basic, grunt_temple_overflow_order_and_chaos_2, uniq_duvessa,
          uniq_eustachio
D:6:      nicolae_BIG_FREAKIN_CUBE, layout_basic, overflow_temple_1_default,
          nicolae_vehumet_altar_sigil, minmay_temple_entry_statues_pillars,
          serial_aquarium, aquarium_bridge_square [aquarium_subvault_wall,
          aquarium_subvault_bridge, aquarium_subvault_bridge,
          aquarium_subvault_wall], aquarium_bridge_square
          [aquarium_subvault_wall, aquarium_subvault_wall,
          aquarium_subvault_bridge, aquarium_subvault_wall],
          aquarium_window_fake, aquarium_window_fake, aquarium_window_fake,
          aquarium_window_corridor_3, aquarium_view_2d, aquarium_balcony_1b,
          uniq_prince_ribbit1
D:7:      layout_layer_cave, mainiacjoe_overflow_boulevard,
          nicolae_kikubaaqudgha_miasma_corner, kennysheep_generic_room_12
D:8:      layout_rooms, mainiacjoe_overflow_small_starburst, erik_lair_island,
          nicolae_ossuary_entry_plus, grunt_decor_fettered, uniq_psyche,
          uniq_grum
D:9:      layout_small_grid, mainiacjoe_overflow_surrounded_room,
          lemuel_doored_altar, serial_shops, nicolae_shop_stone, shop,
          nicolae_shop_real_fake_doors, shop
D:10:     layout_cave_pools, nicolae_tso_swordbearing_angel, zombieorc2_lemuel,
          special_room [special_room_orc],
          nicolae_concentric_dashed_squares_wild, uniq_amaemon
D:11:     layout_stronghold, kennysheep_generic_room_9
D:12:     layout_roguey, gammafunk_ghost_necromancy, uniq_rupert

Skill      XL: |  1  2  3  4  5  6  7  8  9 10 11 12 |
---------------+-------------------------------------+-----
Polearms       | 5 6 7 8 9 11 13 14 | 14.6
Fighting       | 3 4 5 6 7 8 10 | 10.5
Throwing       | 3 4 |  4.0
Shields        | 1 3 4 5 8 |  8.0
Dodging        | 5 6 |  6.8
Armour         | 4 6 7 |  7.2
Invocations    | 3 |  3.1

Action                     |  1- 3 |  4- 6 |  7- 9 | 10-12 || total
---------------------------+-------+-------+-------+-------++-------
  Melee: Trident           |    99 |   131 |   464 |   733 ||  1427
         Punch             |     1 |       |       |       ||     1
         Tailslap          |       |       |    21 |     1 ||    22
  Throw: Dart              |       |     6 |     5 |    23 ||    34
         Javelin           |       |     5 |       |       ||     5
         Throwing net      |       |     3 |     2 |       ||     5
 Invoke: Lesser Servant of |       |       |       |     4 ||     4
  Evoke: Wand              |       |       |       |     6 ||     6
    Use: Potion            |       |     3 |     2 |     7 ||    12
         Scroll            |       |     8 |     8 |    12 ||    28
   Stab: Sleeping          |     7 |     1 |     3 |       ||    11
         Invisible         |       |     1 |       |       ||     1
 Armour: Leather armour    |    16 |    19 |     9 |       ||    44
         Plate armour      |       |       |   175 |   384 ||   559
         Skin              |       |       |       |     9 ||     9
  Dodge: Dodged            |    33 |    69 |    81 |   211 ||   394
  Block: Kite shield       |       |    21 |   154 |     8 ||   183
         Tower shield      |       |       |       |   568 ||   568
